 Dungeon Crawl Stone Soup version 0.21.1-1-g345015f (webtiles) character file.

121009 poirepourri the Peltast (level 16, -2/139 HPs)
             Began as a Minotaur Fighter on July 11, 2018.
             Was the Champion of Makhleb.
             Killed from afar by Aizul (29 damage)
             ... with a poison arrow
             ... on level 1 of the Snake Pit.
             The game lasted 00:36:53 (24804 turns).

poirepourri the Peltast (Minotaur Fighter)         Turns: 24804, Time: 00:36:54

Health: -2/139     AC: 19    Str: 27    XL:     16   Next: 31%
Magic:  24/24      EV: 20    Int:  5    God:    Makhleb [******]
Gold:   210        SH: 28    Dex: 20    Spells: 15/15 levels left

rFire    . . .     SeeInvis .   a - +9 war axe (flame)
rCold    . . .     Gourm    .   c - +5 shield
rNeg     . . .     Faith    .   w - +0 scale mail
rPois    .         Spirit   .   P - +1 hat
rElec    .         Reflect  +   L - +4 cloak "Rarhom" {Str+4}
rCorr    .         Harm     .   (no gloves)
MR       +....                  h - +0 pair of boots
Stlth    +.........             M - +6 amulet of reflection
HPRegen  0.33/turn              K - +4 ring of protection
MPRegen  0.19/turn              I - +5 ring of slaying

@: agile, lethally poisoned (-2 -> -20)
A: retaliatory headbutt, horns 2
a: Minor Destruction, Lesser Servant of Makhleb, Major Destruction, Greater
Servant of Makhleb, Renounce Religion


You were on level 1 of the Snake Pit.
You worshipped Makhleb.
Makhleb was exalted by your worship.
You were full.

You visited 6 branches of the dungeon, and saw 26 of its levels.

You collected 2282 gold pieces.
You spent 2072 gold pieces at shops.

Inventory:

Hand Weapons
 a - a +9 war axe of flaming (weapon)
 b - a +4 hand crossbow of freezing
 V - a +4 mace of protection
Missiles
 m - 62 tomahawks (quivered)
 n - 230 bolts
Armour
 c - a +5 shield (worn)
 d - a +2 cloak of poison resistance
 h - a +0 pair of boots (worn)
 p - a scarf of repulsion
 w - a +0 scale mail (worn)
 L - the +4 cloak "Rarhom" (worn) {Str+4}
   (You acquired it on level 2 of the Orcish Mines)

   It affects your strength (+4).
 P - a +1 hat (worn)
Jewellery
 e - an uncursed ring of teleportation
 s - an uncursed ring of flight
 t - a +4 ring of protection
 x - an uncursed ring of protection from fire
 C - an uncursed ring of poison resistance
 I - a +5 ring of slaying (right hand)
 K - a +4 ring of protection (left hand)
 M - a +6 amulet of reflection (around neck)
 N - the amulet of Usaucwul {Faith rC+ Dex+7}
   (You found it on level 6 of the Lair of Beasts)

   [amulet of faith]

   It allows you to gain divine favour quickly.
   It affects your dexterity (+7).
   It protects you from cold.
Wands
 o - a wand of paralysis (24)
 q - a wand of flame (15)
 r - a wand of iceblast (14)
 v - a wand of acid (4)
 z - a wand of clouds (10)
 E - a wand of polymorph (39)
 G - a wand of disintegration (13)
 O - a wand of digging (11)
 R - a wand of random effects (34)
Scrolls
 l - 11 scrolls of teleportation
 y - a scroll of identify
 A - 2 scrolls of blinking
 J - 3 scrolls of remove curse
Potions
 g - 5 potions of lignification
 i - a potion of cancellation
 j - 4 potions of haste
 k - 4 potions of ambrosia
 B - 4 potions of curing
 D - a potion of heal wounds
 F - a potion of agility
 H - 2 potions of flight
 T - a potion of resistance
Miscellaneous
 W - a lamp of fire
Comestibles
 f - 21 rations


   Skills:
 - Level 12.0 Fighting
 - Level 19.0 Axes
 - Level 7.2 Armour
 - Level 7.0 Dodging
 - Level 19.0 Shields
 + Level 12.8 Invocations


You had 15 spell levels left.
You didn't know any spells.

Dungeon Overview and Level Annotations

Branches:
Dungeon (15/15)            Temple (1/1) D:6            Lair (6/6) D:8
 Shoals (1/4) Lair:2        Snake (1/4) Lair:2        Slime (0/5) Lair:6
    Orc (2/2) D:11            Elf (0/3) Orc:2        Vaults (0/5) D:13
 Depths (0/5) D:15

Altars:
Ashenzari
Cheibriados
Dithmenos
Elyvilon
Fedhas
Gozag
Hepliaklqana
Kikubaaqudgha
Makhleb
Nemelex Xobeh
Okawaru
Qazlal
Ru
Sif Muna
Trog
Uskayaw
Vehumet
Wu Jian
Xom
Yredelemnul
Zin
The Shining One
Beogh
Jiyva

Shops:
Orc:2 *?[*

Annotations:
Snake:1 Aizul


Innate Abilities, Weirdness & Mutations

You reflexively headbutt those who attack you in melee.
You have a pair of horns on your head.


Message History

Aizul is heavily wounded.
You hit the black mamba. You burn the black mamba. The black mamba misses you.
You block Aizul's attack.
Unknown command.
You slash Aizul! You burn Aizul.
Aizul is severely wounded.
You closely miss the black mamba. You block the black mamba's attack.
Aizul coils herself and waves her upper body at you.
You fall asleep.
The black mamba barely misses you. Aizul completely misses you.
The black mamba closely misses you. The black mamba barely misses you.
Aizul hisses menacingly.
Aizul hits you!!!
You wake up.
* * * LOW HITPOINT WARNING * * *
You block the black mamba's attack. Aizul casts a spell at you.
The poison arrow hits you!
You are poisoned.
You die...

###########
#.....[...#
#.........#
#.....S...#
#....@.%.<#
#.....S...#
#.........#
#.........#
#).......>#
######.####
#.# #.#


You could see Aizul and a black mamba.

Vanquished Creatures
  Gastronok (D:12)
  Agnes (D:15)
  2 orc warlords (Orc:2)
  A stone giant (Orc:2)
  A rakshasa (D:15)
  3 hydras
  3 centaur warriors
  A merfolk avatar (Lair:6)
  12 two-headed ogres
  An ogre mage (Orc:1)
  16 death yaks
  4 orc high priests (Orc:2)
  Urug (D:15)
  A shock serpent (Snake:1)
  The ghost of geeseburger the Fighter, a novice FoFi of Okawaru (D:7)
  A sea snake (Shoals:1)
  5 skeletal warriors (D:14)
  3 unseen horrors
  A glowing orange brain (shapeshifter) (D:15)
  A glowing orange brain (D:15)
  Pikel (D:7)
  9 harpies (Shoals:1)
  A lindwurm (Lair:4)
  7 ugly things
  4 orc knights
  5 orc sorcerers (Orc:2)
  3 manticores
  2 deep elf magi
  5 cyclopes
  18 elephants
  3 centaur zombies
  A water nymph (Shoals:1)
  2 merfolk sirens
  A black mamba (Lair:4)
  7 spiny frogs
  3 gargoyles
  4 rime drakes
  A kobold demonologist (D:13)
  8 komodo dragons
  A centaur skeleton (D:12)
  2 yaktaurs (D:13)
  A redback zombie (D:15)
  A queen bee (Lair:4)
  A merfolk (Shoals:1)
  3 meliai
  6 polar bears
  4 hornets
  6 trolls
  3 wind drakes (Lair:6)
  16 slime creatures
  A snapping turtle (Shoals:1)
  21 blink frogs
  10 dream sheep
  10 hippogriffs
  4 hogs (D:8)
  2 shadows
  A yak (shapeshifter) (D:15)
  A wraith (D:14)
  2 vampires
  A centaur simulacrum (D:15)
  3 fire elementals (D:10)
  A human (D:8)
  7 wyverns
  A hungry ghost (D:11)
  2 basilisks
  47 yaks
  A steam dragon (Lair:4)
  3 fire bats (D:10)
  A warg (Orc:2)
  4 vampire mosquitoes (D:15)
  A two-headed ogre zombie (D:11)
  3 acid dragons
  A soldier ant (D:14)
  18 water moccasins
  A hell hound (D:10)
  4 porcupines
  Duvessa (D:6)
  A meliai simulacrum (D:15)
  5 ice beasts
  2 slaves (D:7)
  42 orc warriors
  4 sky beasts
  A black bear (Lair:2)
  An eye of draining (D:10)
  2 phantoms (D:11)
  23 ogres
  9 wolves
  9 centaurs
  16 crocodiles
  4 big kobolds
  2 gnoll sergeants
  12 bullfrogs
  Dowan (D:6)
  7 scorpions
  A water moccasin skeleton (D:9)
  2 troll zombies
  50 killer bees
  14 wights
  7 electric eels
  12 howler monkeys
  7 crimson imps
  3 bullfrog zombies
  A quasit (D:12)
  5 hounds
  5 jellies
  34 orc priests
  A bullfrog skeleton (D:7)
  10 worker ants
  4 iguanas
  A hell rat (Lair:4)
  26 orc wizards
  5 ogre zombies (D:11)
  A hound zombie (D:5)
  21 gnolls
  A river rat (Lair:4)
  9 adders
  3 shadow imps
  An ooze (D:5)
  An adder zombie (D:5)
  2 worms (D:4)
  4 dart slugs
  6 leopard geckos
  142 orcs
  A ball python (D:1)
  4 bats
  4 giant cockroaches
  10 goblins
  15 hobgoblins
  16 jackals
  20 kobolds
  4 quokkas
  6 frilled lizards
  A goblin skeleton (D:11)
  2 hobgoblin skeletons (D:11)
  5 hobgoblin zombies (D:11)
  An orc skeleton (D:11)
  16 orc zombies (D:11)
  A quokka zombie (D:5)
  6 rats
  3 fungi
  4 plants (Lair:6)
980 creatures vanquished.

Vanquished Creatures (others)
  A centaur warrior (D:14)
  2 cyclopes
  A yaktaur (D:13)
  A sky beast (D:6)
  A slave (D:7)
  4 centaurs
  An orc priest (Orc:1)
  An orc (Orc:2)
  A bush (Lair:6)
  19 fungi
  26 plants
58 creatures vanquished.

Grand Total: 1038 creatures vanquished

Notes
Turn   | Place    | Note
-------+----------+-------------------------------------------
     0 | D:1      | poirepourri the Minotaur Fighter began the quest for the Orb.
     0 | D:1      | Reached XP level 1. HP: 19/19 MP: 0/0
   190 | D:1      | Reached XP level 2. HP: 17/26 MP: 1/1
   498 | D:1      | Reached XP level 3. HP: 24/31 MP: 2/2
  1133 | D:2      | Reached skill level 5 in Axes
  1221 | D:2      | Reached XP level 4. HP: 36/39 MP: 3/3
  1834 | D:3      | Noticed a centaur
  1841 | D:3      | Killed a centaur
  1841 | D:3      | Reached XP level 5. HP: 36/45 MP: 4/4
  2262 | D:3      | Reached XP level 6. HP: 32/51 MP: 5/5
  2533 | D:3      | Found a snail-covered altar of Cheibriados.
  2533 | D:3      | Found a burning altar of Makhleb.
  2550 | D:3      | Became a worshipper of Makhleb the Destroyer
  3322 | D:4      | Found a hide-covered altar of Uskayaw.
  3323 | D:4      | Found a hazy altar of Hepliaklqana.
  3473 | D:5      | Entered Level 5 of the Dungeon
  3580 | D:5      | Reached skill level 5 in Fighting
  3580 | D:5      | Reached XP level 7. HP: 61/61 MP: 6/6
  3915 | D:5      | Reached * piety under Makhleb
  4563 | D:6      | Found a bloodstained altar of Trog.
  4565 | D:6      | Noticed Duvessa
  4565 | D:6      | Noticed Dowan
  4583 | D:6      | Killed Duvessa
  4583 | D:6      | Reached skill level 5 in Shields
  4616 | D:6      | Killed Dowan
  4790 | D:6      | Reached XP level 8. HP: 70/70 MP: 7/7
  5076 | D:6      | Found a staircase to the Ecumenical Temple.
  5255 | Temple   | Entered the Ecumenical Temple
  5739 | D:7      | Identified a scroll of acquirement
  5820 | D:7      | Noticed geeseburger's ghost (novice FoFi)
  5844 | D:7      | Killed geeseburger's ghost
  5844 | D:7      | Reached XP level 9. HP: 43/75 MP: 8/8
  5946 | D:7      | Noticed Pikel
  5952 | D:7      | Killed Pikel
  6120 | D:7      | Reached ** piety under Makhleb
  6708 | D:8      | Found a staircase to the Lair.
  6871 | D:8      | Reached XP level 10. HP: 76/83 MP: 9/9
  6883 | D:8      | Noticed a two-headed ogre
  6898 | D:8      | Killed a two-headed ogre
  7321 | D:8      | Reached *** piety under Makhleb
  7324 | D:8      | Reached skill level 15 in Shields
  7442 | D:9      | Noticed a green ugly thing
  7451 | D:9      | Noticed a two-headed ogre
  7455 | D:9      | Killed a green ugly thing
  7460 | D:9      | HP: 3/83 [two-headed ogre/giant club (21)]
  7463 | D:9      | Killed a two-headed ogre
  7623 | D:9      | Noticed a two-headed ogre
  7630 | D:9      | Killed a two-headed ogre
  7736 | D:9      | Reached XP level 11. HP: 86/89 MP: 10/10
  7993 | D:9      | Found a sacrificial altar of Ru.
  8328 | D:10     | Entered Level 10 of the Dungeon
  8328 | D:10     | Found a transporter.
  8344 | D:10     | Found a transporter.
  8575 | D:10     | Reached **** piety under Makhleb
  8610 | D:10     | Noticed a two-headed ogre
  8621 | D:10     | Killed a two-headed ogre
  9678 | Lair:1   | Entered Level 1 of the Lair of Beasts
 11150 | Lair:2   | Found a staircase to the Snake Pit.
 11302 | Lair:2   | Reached skill level 1 in Dodging
 11345 | Lair:2   | Noticed a four-headed hydra
 12197 | Lair:2   | Killed a five-headed hydra
 12371 | Lair:2   | Found a staircase to the Shoals.
 12401 | Lair:2   | Reached skill level 10 in Axes
 12401 | Lair:2   | Reached XP level 12. HP: 96/96 MP: 11/11
 13108 | Lair:3   | Identified the Collected Works on Unholy Transformation
 13415 | Lair:4   | Got a pair of bloodstained gloves
 13416 | Lair:4   | Identified the +1 pair of gloves "Dearad" {+Blink rF++ rN+ Dex-5} (You found it on level 4 of the Lair of Beasts)
 13457 | Lair:4   | Reached ***** piety under Makhleb
 13468 | Lair:4   | Reached skill level 5 in Dodging
 13725 | Lair:4   | Noticed a seven-headed hydra
 13737 | Lair:4   | Killed a seven-headed hydra
 14759 | Lair:5   | Reached XP level 13. HP: 100/102 MP: 12/12
 15433 | Lair:5   | Reached skill level 15 in Axes
 16324 | Lair:6   | Entered Level 6 of the Lair of Beasts
 16373 | Lair:5   | Reached ****** piety under Makhleb
 16384 | Lair:5   | HP: 2/102 [death yak (20)]
 17043 | Lair:6   | Reached XP level 14. HP: 110/110 MP: 13/13
 17131 | Lair:6   | Found a staircase to the Slime Pits.
 17132 | Lair:6   | Found a viscous altar of Jiyva.
 17620 | Lair:6   | Got a vibrating bone amulet
 17753 | Lair:6   | Identified the amulet of Usaucwul {Faith rC+ Dex+7} (You found it on level 6 of the Lair of Beasts)
 18340 | D:11     | Found a staircase to the Orcish Mines.
 18390 | D:11     | Found a hazy altar of Hepliaklqana.
 18413 | D:11     | Found a stormy altar of Qazlal.
 18947 | D:12     | Reached skill level 10 in Fighting
 19019 | D:12     | Noticed Gastronok
 19033 | D:12     | Killed Gastronok
 19968 | D:13     | Reached skill level 5 in Armour
 20092 | D:13     | Found a gate to the Vaults.
 20153 | D:13     | Reached XP level 15. HP: 121/132 MP: 14/14
 20219 | D:13     | Got a translucent steel ring
 20469 | D:13     | Identified the ring "Pywk" {rN+ Dex+2 Stlth-} (You found it on level 13 of the Dungeon)
 20651 | D:14     | Reached skill level 1 in Invocations
 21123 | D:14     | Reached skill level 5 in Invocations
 21401 | D:15     | Entered Level 15 of the Dungeon
 21401 | D:15     | Noticed Urug
 21407 | D:15     | Killed Urug
 21448 | D:15     | Found a snail-covered altar of Cheibriados.
 21923 | D:15     | Noticed Agnes
 21942 | D:15     | Killed Agnes
 22072 | D:15     | Found a staircase to the Depths.
 22403 | Orc:1    | Entered Level 1 of the Orcish Mines
 22650 | Orc:1    | Found a bloodstained altar of Trog.
 22819 | Orc:2    | Entered Level 2 of the Orcish Mines
 22854 | Orc:2    | Reached skill level 10 in Invocations
 23087 | Orc:2    | Found a roughly hewn altar of Beogh.
 23146 | Orc:2    | Found Hogad's Magic Scroll Emporium.
 23164 | Orc:2    | Bought a scroll of acquirement for 832 gold pieces
 23164 | Orc:2    | Bought a scroll of enchant weapon for 120 gold pieces
 23168 | Orc:2    | Got a jewelled cloak
 23169 | Orc:2    | Identified the +4 cloak "Rarhom" {Str+4} (You acquired it on level 2 of the Orcish Mines)
 23190 | Orc:2    | Found Pirirch Ompe's Assorted Antiques.
 23567 | Orc:2    | Noticed an orc warlord
 23577 | Orc:2    | Killed an orc warlord
 23590 | Orc:2    | Reached XP level 16. HP: 139/139 MP: 23/23
 23673 | Orc:2    | Paralysed by an orc sorcerer for 2 turns
 23890 | Orc:2    | Found a staircase to the Elven Halls.
 23952 | Orc:2    | Found a roughly hewn altar of Beogh.
 24051 | Orc:2    | Found Faonkeet's Assorted Antiques.
 24079 | Orc:2    | Bought a lamp of fire for 1120 gold pieces
 24154 | Orc:2    | Found Salappaw's Antique Armour Boutique.
 24640 | Shoals:1 | Entered Level 1 of the Shoals
 24790 | Snake:1  | Entered Level 1 of the Snake Pit
 24790 | Snake:1  | Noticed Aizul
 24804 | Snake:1  | Killed from afar by Aizul

Skill      XL: |  1  2  3  4  5  6  7  8  9 10 11 12 13 14 15 16 |
---------------+-------------------------------------------------+-----
Axes           | 3 4 5 6 7 8 10 13 17 19 | 19.0
Fighting       | 5 6 12 | 12.0
Shields        | 6 11 14 16 19 | 19.0
Dodging        | 2 7 |  7.0
Armour         | 5 7 |  7.2
Invocations    | 11 12 | 12.8

Action                   |  1- 3 |  4- 6 |  7- 9 | 10-12 | 13-15 | 16-18 || total
-------------------------+-------+-------+-------+-------+-------+-------++-------
Melee: War axe           |   111 |   140 |   333 |   638 |  1042 |   144 ||  2408
       Headbutt          |    13 |    19 |    65 |   132 |   270 |    30 ||   529
       Mace              |       |       |       |    12 |     7 |       ||    19
Invok: Lesser Servant of |       |       |       |       |     2 |       ||     2
Evoke: Wand              |       |       |     3 |     2 |    15 |       ||    20
  Use: Scroll            |     3 |    15 |     7 |    21 |    17 |     3 ||    66
       Potion            |       |     7 |     4 |    13 |     7 |     2 ||    33
 Stab: Invisible         |       |       |       |     1 |       |       ||     1
       Paralysed         |       |       |       |     1 |       |       ||     1
       Distracted        |       |       |       |       |     1 |       ||     1
       Confused          |       |       |       |       |     1 |       ||     1
  Eat: Ration            |     1 |     2 |     3 |     9 |     8 |     2 ||    25
Armor: Scale mail        |    70 |    51 |   123 |   305 |   225 |    37 ||   811
Dodge: Dodged            |    42 |    38 |    90 |   246 |   350 |    59 ||   825
Block: Shield            |    78 |    69 |   231 |   867 |  1278 |   279 ||  2802
       Reflection        |       |       |       |       |    73 |     5 ||    78
